 Dungeon Crawl Stone Soup version 0.29.0-13-gc9e81de378 (webtiles) character file.

Game seed: 9685887430282610232

240 MisterFreud the Cudgeller (level 6, -1/37 HPs)
             Began as a Gargoyle Fighter on Sept 7, 2022.
             Was an Initiate of Okawaru.
             Slain by Duvessa
             ... wielding a +0 rapier
              (10 damage)
             ... on level 4 of the Dungeon.
             The game lasted 00:04:24 (3784 turns).

MisterFreud the Cudgeller (Gargoyle Fighter)        Turns: 3784, Time: 00:04:25

Health: -1/37      AC: 12    Str: 22    XL:     6   Next: 8%
Magic:  6/6        EV:  9    Int:  8    God:    Okawaru [......]
Gold:   317        SH:  4    Dex:  9    Spells: 5/5 levels left

rFire   . . .      SeeInvis .   a - +0 flail
rCold   . . .      Faith    .   c - +0 buckler
rNeg    + . .      Spirit   .   b - +0 scale mail
rPois   ∞          Reflect  .   n - +0 helmet
rElec   +          Harm     .   (no cloak)
rCorr   .          Rampage  .   (no gloves)
Will    .....                   (no boots)
Stlth   ..........              (no amulet)
HPRegen 0.12/turn               (no ring)
MPRegen 0.10/turn               (no ring)

@: weak-willed
A: sickness immunity, AC +4, negative energy resistance 1, electricity
resistance, torment resistance 1, petrification resistance
a: Renounce Religion


You were on level 4 of the Dungeon.
You worshipped Okawaru.
Okawaru was noncommittal.
You visited 2 branches of the dungeon, and saw 5 of its levels.

You collected 317 gold pieces.

Inventory:

Hand Weapons
 a - a +0 flail (weapon)
Missiles
 l - 6 javelins (quivered)
 p - 2 boomerangs of dispersal
 q - 4 boomerangs
Armour
 b - a +0 scale mail (worn)
 c - a +0 buckler (worn)
 n - a +0 helmet (worn)
Jewellery
 j - a ring of flight
Scrolls
 o - a scroll of silence
Potions
 d - a potion of might
 e - a potion of invisibility {unknown}
 f - 4 potions of resistance
 g - 2 potions of flight {unknown}
 h - a potion of curing
 i - 2 potions of mutation {unknown}
 m - a potion of berserk rage {unknown}
 r - a potion of brilliance {unknown}
 s - a potion of haste {unknown}
 t - a potion of heal wounds {unknown}


   Skills:
 - Level 3.3 Fighting
 + Level 6.1 Maces & Flails
 - Level 3.3 Armour
 - Level 3.3 Shields


You had 5 spell levels left.
You didn't know any spells.
Your spell library contained the following spells:

 Spells                   Type           Power      Damage    Failure   Level
 Foxfire                  Conj/Fire      0%         2x1d4     83%         1
 Conjure Flame            Conj/Fire      0%         6-21      99%         3
 Inner Flame              Hex/Fire       0%         N/A       99%         3
 Flame Wave               Conj/Fire      0%         2d4       100%        4


Dungeon Overview and Level Annotations

Branches:
Dungeon (4/15)             Temple (1/1) D:4

Altars:
Ashenzari
Cheibriados
Dithmenos
Elyvilon
Fedhas
Gozag
Hepliaklqana
Kikubaaqudgha
Makhleb
Nemelex Xobeh
Okawaru
Qazlal
Ru
Sif Muna
Trog
Uskayaw
Vehumet
Wu Jian
Xom
Yredelemnul
Zin
The Shining One

Shops:
D:1 [

Annotations:
D:4 Duvessa


Innate Abilities, Weirdness & Mutations

You are immune to sickness and miasma.
Your stone body is resilient. (AC +4)
You are immune to poison.
You resist negative energy. (rN+)
You are resistant to electric shocks. (rElec)
You are resistant to unholy torment.
You are immune to petrification.


Message History

The goblin barely misses you. The goblin barely misses you.
The goblin hits you with a +0 club. The goblin closely misses you.
The goblin hits you but does no damage.
Duvessa rages.
The goblin hits you with a +0 club. The goblin hits you but does no damage.
Duvessa rages.
The goblin barely misses you. The goblin hits you but does no damage.
The goblin hits you but does no damage. The goblin hits you but does no damage.
The goblin barely misses you. The goblin hits you but does no damage.
Duvessa rages.
You block the goblin's attack.
Duvessa rages.
The goblin hits you with a +0 club.
Duvessa no longer looks unusually strong.
The goblin barely misses you. The goblin misses you.
The goblin hits you with a +0 club. The goblin hits you but does no damage.
Items here: ! ) [ †.
The goblin attacks as you move away! The goblin misses you.
The goblin attacks as you move away! The goblin hits you but does no damage.
You hear a shout!
You feel a little less mighty now. The goblin attacks as you move away!
The goblin completely misses you. Duvessa attacks as you move away!
Duvessa hits you with a +0 rapier. Duvessa attacks as you move away!
Duvessa closely misses you. You block Duvessa's attack.
Duvessa attacks as you move away! Duvessa hits you with a +0 rapier!
* * * LOW HITPOINT WARNING * * *
As you read the scroll labelled HEULU GEEHEPN, it crumbles to dust.
Magic quickly surges around you.
It was a scroll of vulnerability.
Duvessa closely misses you. Duvessa hits you but does no damage.
You feel better. Duvessa hits you with a +0 rapier!
You die...

.
#.................e)....#
#e# #
#####..###....#.#########
#.#
####......######.......#
#.#
##............###.......#
#.#
..............##........#
#.#
.#............##........#
#.#
†#.........##...........#
#..
.#............####....#.#
###
##..............@eg..##.#
#............#######.# #
#.#......#...# .#
#.#...####.#... .#
#.#.....##.###.. .#
######### #.###......##
.. #.......e #.#
#.......# .. #.#######
#.# #.......# #.# #.#
#..##...# #g#


You could see Duvessa (berserk, weak-willed) and a goblin (weak-willed).

Vanquished Creatures
  Dowan (D:4)
  A howler monkey (D:4)
  A hound (D:4)
  An iguana (D:4)
  4 adders
  2 dart slugs
  4 orcs (D:4)
  7 bats
  4 endoplasms
  3 giant cockroaches
  6 hobgoblins
  2 jackals (D:3)
  2 quokkas
  6 ball pythons
  2 frilled lizards
  7 goblins
  5 kobolds (D:1)
  2 rats
60 creatures vanquished.

Notes
Turn   | Place    | Note
-------+----------+-------------------------------------------
     0 | D:1      | MisterFreud the Gargoyle Fighter began the quest for the
                  | Orb.
     0 | D:1      | Reached XP level 1. HP: 14/14 MP: 1/1
   397 | D:1      | Reached XP level 2. HP: 17/19 MP: 2/2
   417 | D:1      | Found Riuxupp's Antique Armour Boutique.
   872 | D:2      | Reached skill level 3 in Maces & Flails
   952 | D:2      | Reached XP level 3. HP: 23/23 MP: 3/3
  1311 | D:2      | Found a faded altar of an unknown god.
  1641 | D:3      | Found a glowing silver altar of Zin.
  1705 | D:3      | Reached skill level 4 in Maces & Flails
  1752 | D:3      | Reached XP level 4. HP: 28/28 MP: 4/4
  2641 | D:4      | Noticed Duvessa
  2684 | D:4      | Found a staircase to the Ecumenical Temple.
  2696 | Temple   | Entered the Ecumenical Temple
  2889 | Temple   | Became a worshipper of Warmaster Okawaru
  3053 | D:4      | Reached skill level 5 in Maces & Flails
  3053 | D:4      | Reached XP level 5. HP: 32/32 MP: 5/5
  3715 | D:4      | Noticed Dowan
  3724 | D:4      | Killed Dowan
  3725 | D:4      | Reached skill level 6 in Maces & Flails
  3725 | D:4      | Reached XP level 6. HP: 36/37 MP: 6/6
  3784 | D:4      | Slain by Duvessa

Illustrated notes

Levels and vault maps discovered:
D:1:      grunt_arrival_lava_bath, layout_basic, serial_shops,
          nicolae_shop_waterfront, serial_corexii_hall, corexii_hall_statues_i,
          chequers_hall_statues_wall_a
D:2:      layout_basic, basic_ecumenical_altar, minmay_tromino_i2
D:3:      layout_basic, zin_academy
D:4:      minmay_angry_zag, layout_basic, minmay_temple_entry_mist,
          uniq_menkaure, uniq_duvessa
Temple:   mainiacjoe_temple_archimedes_tessellation

Skill      XL: |  1  2  3  4  5 |
---------------+----------------+-----
Maces & Flails | 3 4 5 6 |  6.1
Fighting       | |  3.3
Armour         | |  3.3
Shields        | |  3.3

Action                   |  1- 3 |  4- 6 || total
-------------------------+-------+-------++-------
Melee: Flail             |   123 |    89 ||   212
  Use: Scroll            |     4 |     4 ||     8
       Potion            |       |     2 ||     2
Armor: Scale mail        |    82 |    75 ||   157
Dodge: Dodged            |    58 |    58 ||   116
Block: Buckler           |    28 |    26 ||    54
